 Dungeon Crawl Stone Soup version 0.30.1-4-g462c640d31 (webtiles) character file.

Game seed: 4405940179239700002

2799053 grothendieck the Executioner (level 27, 225/248 HPs)
             Began as an Armataur Delver on Aug 27, 2023.
             Was a High Priest of Okawaru.
             Escaped with the Orb
             ... and 5 runes on Aug 29, 2023!
             The game lasted 07:55:11 (84174 turns).

grothendieck the Executioner (Armataur Delver)     Turns: 84174, Time: 07:55:12

Health: 225/248    AC: 54    Str: 32    XL:     27
Magic:  29/29      EV: 15    Int: 11    God:    Okawaru [*****.]
Gold:   5725       SH: 25    Dex: 23    Spells: 26/26 levels left

rFire   + + .        R - +10 broad axe of Honour {holy, rElec Str+3}
rCold   + . .        H - +1 tower shield
rNeg    . . .        P - +10 gold dragon scales
rPois   +            W - +2 helmet {SInv}
rElec   +            p - +1 cloak {Will+}
rCorr   +            h - +0 pair of fencer's gloves {Riposte Dex+3}
SInv    +            b - +4 barding {rF+}
Will    ++++.        G - amulet of Vitality {RegenMP++ Regen++} Stlth
                     T - ring "Reoje" {Will+ EV+5 Dex+6}
HPRegen 2.21/turn    t - ring of resist corrosion
MPRegen 1.01/turn

%: roll
@: studying 2 skills
A: large, rugged brown scales 3, deformed body, armoured tail, roll, long
tongue, awkward tongue, frail 1, low MP 1, wild magic 1, MP-powered wands
0: Orb of Zot
}: 5/15 runes: serpentine, barnacled, slimy, silver, abyssal
a: Renounce Religion, Heroism, Finesse, Duel


You escaped.
You worshipped Okawaru.
Okawaru was extremely pleased with you.
You visited 11 branches of the dungeon, and saw 53 of its levels.
You visited the Abyss 2 times.
You visited 1 bazaar.
You also visited: Bailey, Gauntlet, Ice Cave and Desolation.

You collected 9952 gold pieces.
You spent 4227 gold pieces at shops.

Inventory:

Hand Weapons
 L - a +9 antimagic broad axe
 R - the +10 broad axe of Honour (weapon) {holy, rElec Str+3}
   (Okawaru gifted it to you on level 2 of the Vaults)

   Str:       It affects your strength (+3).
   rElec:     It insulates you from electricity.
Missiles
 o - 13 silver javelins
 J - 15 curare-tipped darts (quivered)
 N - 7 throwing nets
 X - 37 javelins
 Z - a datura-tipped dart
Armour
 b - a +4 barding of fire resistance (worn)
 h - the +0 pair of fencer's gloves (worn) {Riposte Dex+3}
   (You acquired it on level 1 of the Realm of Zot)

   Riposte:   It allows the wearer to riposte with melee weapons, swiftly
   retaliating against missed or blocked melee attacks.
   Dex:       It affects your dexterity (+3).
 p - a +1 cloak of willpower (worn)
 H - a +1 tower shield (worn)
 P - +10 gold dragon scales (worn)
 W - a +2 helmet of see invisible (worn)
Jewellery
 l - the ring "Ilen" {rPois Int+2}
   (You found it on level 5 of the Pits of Slime)

   [ring of poison resistance]

   Int:       It affects your intelligence (+2).
   rPois:     It protects you from poison.
 t - a ring of resist corrosion (right hand)
 z - the ring "Dowk" {Ice +Blink rElec Dex+2}
   (You took it off Josephina on level 3 of the Realm of Zot)

   [ring of ice]

   It enhances your ice magic.
   Dex:       It affects your dexterity (+2).
   rF:        It makes you vulnerable to fire.
   rC:        It protects you from cold.
   rElec:     It insulates you from electricity.
   +Blink:    It lets you blink.
 B - a ring of flight
 D - the amulet of the Voivode {rElec rC++ Regen+ Str+3 SInv}
   (You found it on level 4 of the Dungeon)

   [amulet of regeneration]

   Str:       It affects your strength (+3).
   rC:        It greatly protects you from cold.
   rElec:     It insulates you from electricity.
   SInv:      It lets you see invisible.
   Regen:     It increases your rate of health regeneration.
 G - the amulet of Vitality (around neck) {RegenMP++ Regen++}
   (You found it on level 5 of the Pits of Slime)

   [amulet of magic regeneration]

   It increases your rate of magic regeneration.
   Regen:     It increases your rate of health regeneration.
 Q - the ring "Muwip" {rF+ rN+ MP+9 Int+4 SInv}
   (You acquired it on level 5 of the Vaults)

   [ring of see invisible]

   Int:       It affects your intelligence (+4).
   rF:        It protects you from fire.
   rN:        It protects you from negative energy.
   MP:        It affects your magic capacity (+9).
   SInv:      It lets you see invisible.
 S - the ring "Gofeli" {rN+ Str+6 SInv}
   (You bought it in a shop on level 3 of the Vaults)

   [ring of see invisible]

   Str:       It affects your strength (+6).
   rN:        It protects you from negative energy.
   SInv:      It lets you see invisible.
 T - the ring "Reoje" (left hand) {Will+ EV+5 Dex+6}
   (You found it in the Desolation of Salt)

   [ring of evasion]

   EV:        It affects your evasion (+5).
   Dex:       It affects your dexterity (+6).
   Will:      It increases your willpower.
 Y - the ring "Ibies" {rPois rF+ Str+6 Int-4 Dex+2}
   (You took it off a minotaur in a Gauntlet)

   [ring of strength]

   Str:       It affects your strength (+6).
   Int:       It affects your intelligence (-4).
   Dex:       It affects your dexterity (+2).
   rF:        It protects you from fire.
   rPois:     It protects you from poison.
Wands
 e - a wand of mindburst (8)
 g - a wand of digging (30)
 k - a wand of polymorph (15)
 m - a wand of light (41)
 x - a wand of iceblast (44)
 U - a wand of flame (31)
Scrolls
 c - 11 scrolls of fog
 d - 2 scrolls of magic mapping
 f - 3 scrolls of vulnerability
 u - 9 scrolls of immolation
 w - 3 scrolls of silence
 F - 19 scrolls of teleportation
 M - 10 scrolls of blinking
 O - 10 scrolls of fear
Potions
 a - a potion of magic
 i - 13 potions of haste
 j - 36 potions of curing
 n - 19 potions of heal wounds
 q - 14 potions of attraction
 r - 4 potions of berserk rage
 s - 7 potions of invisibility
 v - 4 potions of ambrosia
 A - 6 potions of might
 C - 6 potions of resistance
 E - 8 potions of cancellation
 I - 2 potions of brilliance
 V - 3 potions of mutation
Miscellaneous
 y - a phial of floods
 K - a tin of tremorstones (2/2)


   Skills:
 + Level 22.4 Fighting
 * Level 25.8 Axes
 - Level 4.2 Throwing
 + Level 24.8 Armour
 + Level 12.0 Dodging
 - Level 5.4 Stealth
 + Level 21.3 Shields
 - Level 13.0 Invocations


You had 26 spell levels left.
You didn't know any spells.
Your spell library contained the following spells:

 Spells                   Type           Power      Damage    Failure   Level
 Magic Dart               Conj           0%         1d3       98%         1
 Necrotise                Necr           0%         1d4       98%         1
 Sandblast                Erth           0%         2d4       98%         1
 Sting                    Tmut/Pois      0%         1d3       98%         1
 Blink                    Tloc           0%         N/A       99%         2
 Cigotuvi's Dreadful Rot  Necr/Pois/Air  0%         N/A       99%         2
 Passwall                 Tmut/Erth      0%         N/A       99%         2
 Poisonous Vapours        Pois/Air       0%         N/A       99%         2
 Dazzling Flash           Conj/Hex       0%         N/A       100%        3
 Frozen Ramparts          Ice            0%         1d1       100%        3
 Gell's Gravitas          Tloc           0%         N/A       100%        3
 Hailstorm                Conj/Ice       0%         3d3       100%        3
 Ignite Poison            Fire/Tmut/Pois 0%         N/A       100%        3
 Inner Flame              Hex/Fire       0%         N/A       100%        3
 Mephitic Cloud           Conj/Pois/Air  0%         N/A       100%        3
 Ozocubu's Armour         Ice            0%         N/A       100%        3
 Portal Projectile        Hex/Tloc       0%         N/A       100%        3
 Stone Arrow              Conj/Erth      0%         3d7       100%        3
 Teleport Other           Tloc           0%         N/A       100%        3
 Vhi's Electric Charge    Tloc/Air       0%         N/A       100%        3
 Volatile Blastmotes      Fire/Tloc      0%         2d10      100%        3
 Airstrike                Air            0%         2d(0-16)  100%        4
 Cause Fear               Hex            0%         N/A       100%        4
 Dispel Undead            Necr           0%         3d6       100%        4
 Flame Wave               Conj/Fire      0%         2d4       100%        4
 Fulminant Prism          Conj/Hex       0%         3d5       100%        4
 Ice Form                 Ice/Tmut       0%         N/A       100%        4
 Iskenderun's Mystic Bla  Conj/Tloc      0%         2d3       100%        4
 Leda's Liquefaction      Hex/Erth       0%         N/A       100%        4
 Manifold Assault         Tloc           0%         N/A       100%        4
 Olgreb's Toxic Radiance  Pois           0%         N/A       100%        4
 Passage of Golubria      Tloc           0%         N/A       100%        4
 Sticky Flame             Conj/Fire      0%         2d3       100%        4
 Agony                    Necr           0%         N/A       100%        5
 Arcjolt                  Conj/Air       0%         1d10      100%        5
 Blade Hands              Tmut           0%         N/A       100%        5
 Fireball                 Conj/Fire      0%         3d3       100%        5
 Freezing Cloud           Conj/Ice/Air   0%         6-21      100%        5
 Irradiate                Conj/Tmut      0%         3d11      100%        5
 Iskenderun's Battlesphe  Conj           0%         2d6       100%        5
 Lee's Rapid Deconstruct  Erth           0%         3d4*      100%        5
 Silence                  Hex/Air        0%         N/A       100%        5
 Yara's Violent Unravell  Hex/Tmut       0%         3d3       100%        5
 Conjure Ball Lightning   Conj/Air       0%         3x3d6     100%        6
 Dispersal                Tloc           0%         N/A       100%        6
 Eringya's Noxious Bog    Tmut/Pois      0%         N/A       100%        6
 Iron Shot                Conj/Erth      0%         9d1       100%        6
 Plasma Beam              Fire/Air       0%         2x1d11    100%        6
 Starburst                Conj/Fire      0%         6d3       100%        6
 Statue Form              Tmut/Erth      0%         N/A       100%        6
 Dragon Form              Tmut           0%         N/A       100%        7
 Enfeeble                 Hex            0%         N/A       100%        7
 Orb of Destruction       Conj           0%         9d5       100%        7
 Ozocubu's Refrigeration  Ice            0%         4d7       100%        7
 Storm Form               Tmut/Air       0%         N/A       100%        7
 Borgnjor's Revivificati  Necr           0%         N/A       100%        8
 Discord                  Hex            0%         N/A       100%        8
 Disjunction              Tloc           0%         N/A       100%        8
 Ignition                 Fire           0%         3d3       100%        8
 Lehudib's Crystal Spear  Conj/Erth      0%         10d2      100%        8
 Maxwell's Capacitive Co  Air            0%         ∞         100%        8
 Necromutation            Tmut/Necr      0%         N/A       100%        8
 Death's Door             Necr           0%         N/A       100%        9
 Polar Vortex             Ice            0%         N/A       100%        9
 Call Imp                 Summ           Unusable   N/A       N/A         2
 Call Canine Familiar     Summ           Unusable   N/A       N/A         3
 Summon Guardian Golem    Hex/Summ       Unusable   N/A       N/A         3
 Tukima's Dance           Hex            Unusable   N/A       N/A         3
 Animate Armour           Summ/Erth      Unusable   N/A       N/A         4
 Summon Ice Beast         Ice/Summ       Unusable   N/A       N/A         4
 Summon Lightning Spire   Summ/Air       Unusable   N/A       N/A         4
 Summon Forest            Summ/Tloc      Unusable   N/A       N/A         5
 Simulacrum               Ice/Necr       Unusable   N/A       N/A         6
 Haunt                    Necr/Summ      Unusable   N/A       N/A         7
 Malign Gateway           Summ/Tloc      Unusable   N/A       N/A         7
 Spellforged Servitor     Conj/Summ      Unusable   N/A       N/A         7
 Summon Hydra             Summ           Unusable   N/A       N/A         7
 Summon Horrible Things   Summ           Unusable   N/A       N/A         8
 Dragon's Call            Summ           Unusable   N/A       N/A         9

Dungeon Overview and Level Annotations

Branches:
Dungeon (15/15)            Temple (1/1) D:7            Lair (5/5) D:11
 Shoals (4/4) Lair:2        Snake (4/4) Lair:2        Slime (5/5) Lair:4
    Orc (2/2) D:10            Elf (3/3) Orc:2        Vaults (5/5) D:14
  Crypt (0/3) Vaults:3     Depths (4/4) D:15            Zot (5/5) Depths:4
 Bailey (visited)           IceCv (visited)         Desolation (visited)
Gauntlet (visited)

Altars:
Ashenzari
Cheibriados
Dithmenos
Elyvilon
Fedhas
Gozag
Hepliaklqana
Kikubaaqudgha
Makhleb
Nemelex Xobeh
Okawaru
Qazlal
Ru
Sif Muna
Trog
Uskayaw
Vehumet
Wu Jian
Xom
Yredelemnul
Zin
The Shining One
Jiyva
Lugonu

Shops:
D:2 [   D:4 =!   D:13 **   Orc:2 !(*(   Elf:3 *   Shoals:2 [?   Snake:3 :?!
Vaults:1 !   Vaults:2 ?   Vaults:3 =   Vaults:4 (   Depths:3 (   Depths:4 ?

Portals:
Hell: Depths:1 Depths:2 Depths:3 Depths:4
Abyss: Depths:1 Depths:3 Depths:4
Pandemonium: Depths:2 Depths:3
Ziggurat: Depths:2

Annotations:
D:3 1 runed translucent door, Crazy Yiuf
Snake:1 Roxanne
Elf:1 6 runed translucent doors
Zot:3 1 runed translucent door, Uneer's ghost, legendary GnFE


Innate Abilities, Weirdness & Mutations

You are completely covered in rugged brown scales. (AC +3, +7% HP)
Armour fits poorly on your strangely shaped body.
You have a long armoured tail.
You roll when moving toward enemies. (Rampage)
Your long tongue fully drains potion bottles. (2x potion effects)
Your tongue gives you trouble enunciating. (1.5x scroll delay)
You are frail. (-10% HP)
Your magical capacity is low. (-10% MP)
Your spells are a little harder to cast, but a little more powerful.
You expend magic power (3 MP) to strengthen your wands.


Message History

Where to? (Enter - D:3, ? - help)
What level of the Dungeon? (default 1, ? - help)
There is an open gate here.
A Tzitzimitl comes into view.
The Tzitzimitl roars!
You hear a roar!
The Tzitzimitl calls on the powers of darkness!
Your body is wracked with pain!
You feel much better.
You slurp down every last drop of the potion of heal wounds!
You slash the Tzitzimitl!
The Tzitzimitl convulses!
The Tzitzimitl is moderately wounded.
You slice the Tzitzimitl!!
The Tzitzimitl convulses!
Your tail-slap misses the Tzitzimitl.
The Tzitzimitl is heavily wounded.
You block the Tzitzimitl's attack.
You riposte.
You slice the Tzitzimitl!!
The Tzitzimitl convulses!
The Tzitzimitl is almost dead.
The Tzitzimitl misses you.
A lorocyproca comes into view.
An Ice Fiend comes into view.
The lorocyproca gives a chilling moan.
You slice the Tzitzimitl!!
You kill the Tzitzimitl!
Okawaru accepts your kill.
You roll towards the lorocyproca!
The lorocyproca hits you but does no damage.
You barely miss the lorocyproca. You block the lorocyproca's attack.
You slash the lorocyproca!
The lorocyproca convulses!
You tail-slap the lorocyproca!
The lorocyproca is heavily wounded.
You block the lorocyproca's attack. You block the lorocyproca's attack.
Blink to where?
Press: ? - help, Dir - move target As you slowly read the scroll of blinking, it crumbles to dust.
Aiming: Dig
Press: ? - help, Shift-Dir - straight line This square is covered in magical glow.
You feel a surge of power!
The rock shatters into small pieces.
There is a staircase leading out of the dungeon here.
You have escaped!

###....##.##.# #.# #.##.#.##
..'..........# #.# #.##.#.#.
###....##.#### #2# #.##.#.#.
#....##.# #.# #.##.#...
#######.# #.######.##.###. #.#
#............... #.#
#####.#############. #.#
#.....#[..~~~~...###
######.####..@..#..........###
#........##.....#....~~....#8.
#........##'###.#..........'..
#........##.#♣♣.'..........'..
#........##.#♣.♣#..........'..
######'####.#♣.♣#....§≈....#8.
########.####.'.♣♣#..........###
#...........#♣#♣♣ #...≈≈≈≈...# #
#...........################## #


There were no monsters in sight!

Vanquished Creatures
  the Royal Jelly (Slime:5)
  2 dread liches
  7 orbs of fire
  4 ancient liches
  Mennas (Depths:2)
  Josephina (Zot:3)
  Margery (Depths:3)
  Sojobo (Depths:2)
  Parghit (Depths:2)
  9 Killer Klowns
  2 curse toes
  4 caustic shrikes
  13 golden dragons
  A profane servitor (Depths:1)
  Nikola (D:14)
  A bone dragon (Abyss:3)
  2 Tzitzimimeh
  2 electric golems (Zot:5)
  Jorgrun (Elf:1)
  2 hellephants (Abyss:3)
  20 tentacled monstrosities
  27 Orb Guardians
  Rupert (Snake:1)
  8 liches
  2 deep elf blademasters (Elf:3)
  2 Executioners
  4 titans (Vaults:5)
  3 quicksilver dragons
  2 deep elf master archers (Elf:3)
  11 death cobs
  20 acid blobs
  4 tentacled starspawn (Abyss:3)
  8 sphinxes
  2 krakens
  Frances (Elf:1)
  2 ancient champions (Vaults:3)
  12 shadow dragons
  Kirke (Lair:5)
  A storm dragon (shapeshifter) (Depths:4)
  14 storm dragons
  12 tengu reavers
  7 nagarajas
  6 fire giants
  5 azure jellies
  8 draconian monks
  3 daevas (Depths:2)
  9 rockslimes
  7 draconian knights
  4 deep elf sorcerers
  3 iron dragons
  7 draconian shifters
  8 frost giants
  25 vault wardens
  A caustic shrike zombie (Depths:3)
  Aizul (Snake:1)
  2 balrugs
  4 imperial myrmidons (Desolation)
  5 angels
  12 draconian stormcallers
  9 draconian annihilators
  8 ghost moths
  3 orc warlords
  6 draconian scorchers
  4 deep elf elementalists (Elf:3)
  10 quicksilver oozes
  34 very ugly things
  19 ironbound preservers
  9 ironbound thunderhulks
  10 green draconians
  2 war gargoyles
  7 deep elf demonologists
  11 black draconians
  17 stone giants
  10 white draconians
  3 vampire knights
  12 deep elf annihilators
  9 purple draconians
  A halazid warlock (Desolation)
  Azrael (D:13)
  4 minotaurs
  10 yellow draconians
  9 dire elephants
  A spark wasp (shapeshifter) (Depths:3)
  2 spark wasps (Depths:1)
  5 red draconians
  15 ettins
  The ghost of Plommelars the Summoner, a journeyman DrEE of Vehumet (D:12)
  A green death (Abyss:3)
  2 merfolk impalers (Shoals:3)
  2 crystal guardians
  9 deep elf death magi
  A quicksilver dragon zombie (Depths:1)
  Snorg (D:10)
  An entropy weaver (Vaults:4)
  A merfolk javelineer (Shoals:4)
  7 deep elf high priests
  10 yaktaur captains
  29 vault guards
  11 ragged hierophants (Desolation)
  11 fire dragons
  5 ice dragons
  A rakshasa (Depths:1)
  11 servants of whispers (Desolation)
  9 great orbs of eyes
  A spriggan zombie (Abyss:3)
  An ogre mage (Vaults:5)
  10 peacekeepers
  10 ironbound frosthearts
  A salamander tyrant (Snake:4)
  3 alligator snapping turtles
  A catoblepas (D:13)
  A ghost crab (Gauntlet)
  A hydra (D:12)
  2 spriggan air magi (Depths:4)
  4 two-headed ogres
  4 boulder beetles
  8 anacondas
  13 satyrs
  11 deep troll shamans
  4 centaur warriors
  12 deep troll earth magi
  7 death yaks
  30 dancing weapons
  2 hell hogs (Abyss:3)
  11 naga warriors
  5 orc high priests
  6 tengu warriors
  11 naga sharpshooters
  A vampire mage (Depths:3)
  4 shock serpents
  Urug (Orc:2)
  A spriggan berserker (Depths:1)
  4 thrashing horrors (Abyss:3)
  18 hell knights
  16 iron trolls
  2 sun demons
  22 deep elf knights
  8 wretched stars
  7 skysharks
  8 sea snakes
  7 cherubim
  2 soul eaters
  6 salamander mystics
  A spatial maelstrom (Abyss:3)
  10 deep elf archers
  4 skeletal warriors
  3 flayed ghosts
  A death drake (Zot:3)
  4 glowing orange brains
  11 lindwurms
  56 deep trolls
  11 necromancers
  2 golden dragon skeletons
  5 naga ritualists (Snake:4)
  12 wizards
  3 phantasmal warriors
  12 harpies
  24 ironbound convokers
  A sphinx zombie (Depths:1)
  14 orc knights
  43 deep elf pyromancers
  A tengu zombie (Vaults:2)
  A wolf spider zombie (D:12)
  A wolf spider (shapeshifter) (Vaults:5)
  4 mana vipers
  6 orc sorcerers
  13 deep elf zephyrmancers
  An oklob plant (D:11)
  A spectral deep troll (Depths:1)
  41 ugly things
  24 fauns
  6 salamanders
  2 spectral centaurs (D:12)
  5 shining eyes
  7 cyclopes
  12 merfolk sirens
  A frost giant zombie (Depths:1)
  6 large abominations (Abyss:3)
  12 manticores
  6 elephants
  24 moths of wrath
  12 naga magi
  6 guardian serpents
  3 smoke demons
  37 black mambas
  2 ice statues (IceCv)
  An apocalypse crab (Abyss:3)
  A storm dragon simulacrum (Zot:4)
  3 gargoyles
  20 vault sentinels
  7 eyes of devastation
  5 water nymphs
  8 cane toads
  5 torpor snails (Lair:5)
  2 unseen horrors
  2 efreet
  8 komodo dragons
  8 rime drakes
  An elf zombie (Vaults:2)
  7 freezing wraiths
  An anaconda simulacrum (Abyss:3)
  2 tengu conjurers (Gauntlet)
  4 ancient zymes (Abyss:3)
  A human skeleton (Vaults:2)
  A golden dragon simulacrum (Zot:4)
  24 yaktaurs
  16 merfolk
  A spectral harpy (D:12)
  A troll (shapeshifter) (Abyss:3)
  2 trolls
  12 polar bears
  A tengu simulacrum (Depths:3)
  3 hellwings
  A tarantella (shapeshifter) (Vaults:5)
  20 raiju
  A raiju (shapeshifter) (D:14)
  6 wind drakes
  Prince Ribbit (D:7)
  4 tyrant leeches (Lair:5)
  The ghost of tykejmi the Grave Robber, an amateur DsNe (D:4)
  69 saltlings (Desolation)
  9 hornets
  6 snapping turtles
  24 dream sheep
  10 blink frogs
  A spectral meliai (D:12)
  A slime creature (shapeshifter) (Vaults:5)
  2 air elementals
  136 slime creatures
  A shadow (D:10)
  A centaur simulacrum (D:12)
  An ettin skeleton (Vaults:2)
  17 flying skulls
  2 ynoxinuls (Abyss:3)
  4 wyverns
  A spriggan (shapeshifter) (Elf:3)
  8 water elementals
  A vampire (D:11)
  5 hogs
  3 wraiths
  3 basilisks
  4 fire bats (Abyss:3)
  7 neqoxecs (Abyss:3)
  6 fire elementals
  18 golden eyes
  31 starcursed masses (Abyss:3)
  42 yaks
  2 chaos spawn
  A redback (Vaults:4)
  A purple draconian simulacrum (Zot:4)
  2 steam dragons (Shoals:3)
  A green draconian simulacrum (Zot:4)
  3 vampire mosquitoes
  8 wargs
  3 acid dragons
  17 nagas
  2 spatial vortices (Abyss:3)
  A water moccasin (shapeshifter) (Vaults:5)
  A moth of wrath simulacrum (Zot:4)
  11 water moccasins
  A floating eye (Slime:5)
  17 hell hounds
  An ice beast (D:7)
  12 black bears
  A meliai simulacrum (D:12)
  2 sky beasts
  56 orc warriors
  10 ogres
  21 wolves
  4 boggarts (Vaults:1)
  27 centaurs
  2 phantoms
  2 kobold brigands
  3 gnoll sergeants
  15 bullfrogs
  6 earth elementals
  2 necrophages (D:5)
  A scorpion (D:7)
  4 small abominations (Abyss:3)
  A water moccasin zombie (D:5)
  A wight (D:5)
  4 lindwurm simulacra (IceCv)
  10 electric eels
  9 howler monkeys
  4 jellies
  A centaur zombie (D:5)
  4 hounds
  3 quasits (Abyss:3)
  2 gnoll boudas
  4 komodo dragon simulacra (IceCv)
  2 human zombies
  7 orc priests
  2 iron imps
  6 iguanas
  Terence (D:2)
  26 orc wizards
  A scorpion zombie (D:5)
  A killer bee zombie (D:5)
  A hound zombie (D:5)
  2 mummies (D:5)
  17 gnolls
  7 acid dragon simulacra (IceCv)
  9 adders
  2 shadow imps (D:7)
  3 white imps
  6 steam dragon simulacra (IceCv)
  An ufetubus (D:4)
  An adder zombie (D:5)
  A worm (D:3)
  3 dart slugs
  94 orcs
  5 bats
  4 endoplasms
  4 giant cockroaches
  9 goblins
  2 hobgoblins
  6 jackals
  12 kobolds
  5 quokkas
  3 training dummies (Depths:3)
  6 ball pythons
  5 frilled lizards
  7 rats
  3 lurking horrors (Abyss:3)
  6 starspawn tentacles (Abyss:3)
  6 tentacles
2545 creatures vanquished.

Vanquished Creatures (others)
  A ghost moth (Zot:4)
  A yaktaur captain (Vaults:1)
  2 deep trolls (Vaults:1)
  2 wizards
  An ironbound convoker (Desolation)
  A deep elf pyromancer (Elf:1)
  A vault sentinel (Vaults:1)
  A rime drake (Shoals:3)
  A water elemental (Elf:1)
  A spatial vortex (Abyss:3)
  A naga (Snake:3)
  A warg (shapeshifter) (Elf:1)
  A boggart (Vaults:1)
  2 orcs
  12 spectral weapons
  11 starspawn tentacles (Abyss:3)
  38 tentacles
78 creatures vanquished.

Grand Total: 2623 creatures vanquished

Notes
Turn   | Place    | Note
-------+----------+-------------------------------------------
     0 | D:5      | grothendieck the Armataur Delver began the quest for the
                  | Orb.
     0 | D:5      | Reached XP level 1. HP: 19/19 MP: 1/1
    30 | D:6      | Noticed a sky beast
    58 | D:6      | Noticed a hound
    99 | D:4      | Found a runed translucent door.
    99 | D:4      | Noticed tykejmi's ghost (amateur DsNe)
   130 | D:4      | Found Vyquyrur's Distillery.
   272 | D:4      | Bought a potion of curing for 30 gold pieces
   299 | D:3      | Noticed an orc wizard
   396 | D:2      | Reached skill level 2 in Axes
   396 | D:2      | Reached XP level 2. HP: 26/26 MP: 2/2
   573 | D:2      | Noticed Terence
   800 | D:1      | Found a faded altar of an unknown god.
   959 | D:1      | Reached XP level 3. HP: 31/33 MP: 3/3
  1811 | D:2      | Found Utoutus's Armour Boutique.
  1856 | D:2      | Identified the +0 scale mail of Fufuviq {*Corrode rF+++ rC+
                  | Dex+3}
  1931 | D:2      | Reached XP level 4. HP: 40/40 MP: 4/4
  1943 | D:2      | Reached skill level 1 in Armour
  2181 | D:3      | Reached skill level 3 in Axes
  2288 | D:3      | Found a runed translucent door.
  2289 | D:3      | Noticed Crazy Yiuf
  2938 | D:3      | Found a radiant altar of Vehumet.
  3039 | D:3      | Found a blossoming altar of Fedhas.
  3154 | D:3      | Reached XP level 5. HP: 47/48 MP: 5/5
  3260 | D:4      | Identified the amulet of the Voivode {rElec rC++ Regen+
                  | Str+3 SInv}
  3278 | D:4      | Found Xuoj's Jewellery Shop.
  4625 | D:5      | Noticed an ogre
  4636 | D:4      | Reached XP level 6. HP: 54/55 MP: 6/6
  4651 | D:4      | Reached skill level 4 in Axes
  5120 | D:4      | Identified a scroll of acquirement
  5120 | D:4      | Acquired a +2 barding of fire resistance
  5768 | D:5      | Reached XP level 7. HP: 60/63 MP: 7/7
  5781 | D:5      | Found a basalt altar of Yredelemnul.
  5811 | D:5      | Reached skill level 5 in Axes
  6197 | D:6      | Reached skill level 5 in Fighting
  6197 | D:6      | Reached XP level 8. HP: 62/72 MP: 8/8
  6282 | D:6      | Reached skill level 5 in Armour
  6374 | D:6      | Reached skill level 6 in Axes
  6861 | D:7      | Found a sacrificial altar of Ru.
  6953 | D:7      | Found a snail-covered altar of Cheibriados.
  6978 | D:7      | Reached skill level 7 in Axes
  7051 | D:7      | Found a glowing silver altar of Zin.
  7051 | D:7      | Noticed an angel
  7096 | D:7      | Reached XP level 9. HP: 80/80 MP: 9/9
  7104 | D:7      | Found a staircase to the Ecumenical Temple.
  7130 | Temple   | Entered the Ecumenical Temple
  7363 | Temple   | Became a worshipper of Warmaster Okawaru
  7454 | D:7      | Found a shadowy altar of Dithmenos.
  7731 | D:7      | Noticed Prince Ribbit
  7885 | D:2      | Killed Terence
  8043 | D:2      | Bought a +2 plate armour of poison resistance for 370 gold
                  | pieces
  8354 | D:7      | Killed Prince Ribbit
  8354 | D:7      | Reached * piety under Okawaru
  8750 | D:8      | Found a white marble altar of Elyvilon.
  8818 | D:8      | Found an ancient bone altar of Kikubaaqudgha.
  8849 | D:8      | Reached skill level 8 in Axes
  8886 | D:8      | Found a burning altar of Makhleb.
  8933 | D:8      | Found a sparkling altar of Nemelex Xobeh.
  9352 | D:8      | Found a transporter.
  9355 | D:8      | Noticed a cyclops
  9356 | D:8      | Noticed a manticore
  9361 | D:8      | Found a transporter.
  9460 | D:8      | Reached ** piety under Okawaru
  9547 | D:7      | Reached XP level 10. HP: 67/92 MP: 10/10
  9598 | D:7      | Reached skill level 9 in Axes
 10062 | D:9      | Found a flagged portal.
 10109 | Bailey   | Entered a bailey
 10229 | Bailey   | Reached *** piety under Okawaru
 11083 | D:9      | Reached skill level 10 in Axes
 11210 | D:9      | Reached **** piety under Okawaru
 11397 | D:10     | Entered Level 10 of the Dungeon
 11407 | D:10     | Found a staircase to the Orcish Mines.
 11529 | D:10     | Reached XP level 11. HP: 100/100 MP: 11/11
 11583 | D:10     | Noticed Snorg
 11672 | D:9      | Reached skill level 10 in Armour
 11875 | D:10     | Reached skill level 11 in Axes
 11875 | D:10     | Reached XP level 12. HP: 112/112 MP: 11/15
 11875 | D:10     | Reached XP level 13. HP: 118/118 MP: 11/16
 11915 | D:10     | Found a glowing golden altar of the Shining One.
 12415 | D:11     | Reached skill level 12 in Axes
 12418 | D:11     | Found a frozen archway.
 12479 | D:11     | Reached ***** piety under Okawaru
 12525 | IceCv    | Entered an ice cave
 12864 | IceCv    | Got the Octavo of the Blizzard
 12894 | IceCv    | Noticed a white draconian
 13337 | IceCv    | Killed a white draconian
 13338 | IceCv    | Reached skill level 10 in Fighting
 13338 | IceCv    | Reached skill level 5 in Invocations
 13393 | IceCv    | Identified the amulet "Camavoez" {+Blink Regen+ Int+2
                  | Stlth+}
 13483 | D:11     | Identified the +1 robe of Anulif {Harm rC- Str+5 Slay+6}
 13648 | D:11     | Found a staircase to the Lair.
 14209 | Lair:1   | Entered Level 1 of the Lair of Beasts
 14212 | Lair:1   | Identified the +0 leather armour "Wageh" {rPois rF+ Dex+3}
 14308 | Lair:1   | Found a gate leading to a gauntlet.
 14324 | Gauntlet | Entered a Gauntlet
 14324 | Gauntlet | Found a transporter.
 14324 | Gauntlet | Found a transporter.
 14332 | Gauntlet | Found a transporter.
 14336 | Gauntlet | Found a transporter.
 14344 | Gauntlet | Found a transporter.
 14348 | Gauntlet | Found a transporter.
 14356 | Gauntlet | Found a transporter.
 14369 | Gauntlet | Noticed a quicksilver ooze
 14376 | Gauntlet | Found a transporter.
 14387 | Gauntlet | Found a transporter.
 14391 | Gauntlet | Found a transporter.
 14402 | Gauntlet | Found a transporter.
 14403 | Gauntlet | Found a transporter.
 14593 | Gauntlet | Received a gift from Okawaru
 14654 | Gauntlet | Identified the +0 buckler of Piuqajocaph {rC- rN+ Str+3
                  | Int+3}
 14723 | Gauntlet | Identified the ring "Ibies" {rPois rF+ Str+6 Int-4 Dex+2}
 14723 | Gauntlet | Noticed a minotaur
 14757 | Gauntlet | Killed a minotaur
 14839 | Gauntlet | Identified the +4 spear of Autumn {heavy, Int+3}
 14839 | Gauntlet | Identified the ring "Gome" {rF+ AC+4 Str-3 Int+3}
 14973 | Lair:1   | Reached skill level 1 in Shields
 15073 | Lair:1   | Reached skill level 13 in Axes
 16417 | Lair:2   | Received a gift from Okawaru
 16429 | Lair:2   | Reached XP level 14. HP: 94/130 MP: 18/18
 16498 | Lair:2   | Found a staircase to the Snake Pit.
 17161 | Lair:2   | Found a staircase to the Shoals.
 17956 | Lair:3   | Received a gift from Okawaru
 18313 | Lair:4   | Found a staircase to the Slime Pits.
 18313 | Lair:4   | Found a viscous altar of Jiyva.
 18399 | Lair:4   | Identified the +7 whip "Belirph" {freeze, Dex+3}
 19035 | Lair:5   | Entered Level 5 of the Lair of Beasts
 19079 | Lair:4   | Reached skill level 5 in Shields
 19087 | Lair:4   | Reached skill level 14 in Axes
 19382 | Lair:5   | Reached ****** piety under Okawaru
 19622 | Lair:5   | Identified the +2 hat of the Endless Expanse {Contam Int+8
                  | SInv} (Okawaru gifted it to you on level 5 of the Lair of
                  | Beasts)
 19622 | Lair:5   | Received a gift from Okawaru
 20613 | Lair:5   | Noticed Kirke
 20817 | Orc:1    | Entered Level 1 of the Orcish Mines
 20839 | D:10     | Reached XP level 15. HP: 122/139 MP: 21/21
 21454 | Orc:2    | Entered Level 2 of the Orcish Mines
 21499 | Orc:2    | Noticed Urug
 21641 | Orc:2    | Killed Urug
 21641 | Orc:2    | Received a gift from Okawaru
 21986 | Orc:2    | Found a staircase to the Elven Halls.
 22832 | Orc:2    | Found Zybby's Assorted Antiques.
 22832 | Orc:2    | Found Mexzat's Weapon Emporium.
 22834 | Orc:2    | Found Caucat's Distillery.
 22836 | Orc:2    | Found Onuat's Weapon Boutique.
 22846 | Orc:2    | Bought a scroll of teleportation for 81 gold pieces
 22920 | Orc:2    | Found a shimmering blue altar of Sif Muna.
 23336 | D:12     | Found a runed translucent gate.
 23337 | D:12     | Found a runed translucent gate.
 23339 | D:12     | Found a runed translucent gate.
 23341 | D:12     | Noticed Plommelars's ghost (journeyman DrEE)
 24036 | D:13     | Found Ammezuus's General Store.
 24037 | D:13     | Found Upuq's Specific Store.
 24045 | D:13     | Bought a scroll of teleportation for 45 gold pieces
 24253 | D:13     | Bought a scroll of acquirement for 780 gold pieces
 24309 | D:13     | Reached skill level 15 in Axes
 25396 | D:14     | Identified the +2 barding of Zekecre {rElec Int+4} (Okawaru
                  | gifted it to you on level 14 of the Dungeon)
 25396 | D:14     | Received a gift from Okawaru
 25635 | D:14     | Noticed Azrael
 25755 | Snake:1  | Entered Level 1 of the Snake Pit
 25758 | Snake:1  | Noticed Rupert
 25776 | Snake:1  | Killed Rupert
 25829 | Snake:1  | Found a flickering gateway to a bazaar.
 25861 | Bazaar   | Entered a bazaar
 25861 | Bazaar   | Found Hyguargho's Armour Boutique.
 25861 | Bazaar   | Found Yqamug's Armour Shop.
 25861 | Bazaar   | Found Aqaelie's Weapon Shop.
 25871 | Bazaar   | Bought a +2 cloak of poison resistance for 240 gold pieces
 25961 | Snake:1  | Noticed Aizul
 26717 | D:4      | Killed tykejmi's ghost
 26910 | D:10     | Killed Snorg
 27097 | D:12     | Killed Plommelars's ghost
 27098 | D:12     | Reached skill level 15 in Armour
 27671 | D:4      | Bought a potion of heal wounds for 50 gold pieces
 27671 | D:4      | Bought a potion of heal wounds for 50 gold pieces
 27671 | D:4      | Bought a potion of heal wounds for 50 gold pieces
 27671 | D:4      | Bought a potion of curing for 30 gold pieces
 27671 | D:4      | Bought a potion of cancellation for 80 gold pieces
 27969 | Lair:5   | Killed Kirke
 28092 | Lair:5   | Found a runed translucent door.
 28291 | Lair:5   | Reached XP level 16. HP: 143/149 MP: 23/23
 28448 | Lair:5   | Got the Book of the Cure
 28454 | Lair:5   | Identified the +1 broad axe "Dragonbane" {flame, rElec
                  | rPois rC++ Str-5}
 28461 | Lair:5   | Identified the +0 scale mail of the Guild-Master {Will-
                  | Regen+ Str+4}
 29098 | Snake:1  | Killed Aizul
 29098 | Snake:1  | Received a gift from Okawaru
 29231 | Snake:1  | Identified Roxanne's Incunabulum of Scree
 29231 | Snake:1  | Noticed Roxanne
 29865 | Snake:2  | You fall into a shaft and drop 1 floor!
 30091 | Snake:2  | Reached skill level 10 in Invocations
 30585 | Snake:3  | Received a gift from Okawaru
 30644 | Snake:3  | Found Uzyoxues's Book Boutique.
 30646 | Snake:3  | Found Apiqul's Magic Scroll Shop.
 30648 | Snake:3  | Found Dotur's Distillery.
 30654 | Snake:3  | Bought a scroll of teleportation for 57 gold pieces
 30654 | Snake:3  | Bought a scroll of fear for 76 gold pieces
 30654 | Snake:3  | Bought a scroll of fog for 76 gold pieces
 30656 | Snake:3  | Bought 2 potions of haste for 240 gold pieces
 30656 | Snake:3  | Bought a potion of heal wounds for 60 gold pieces
 30656 | Snake:3  | Bought a potion of resistance for 120 gold pieces
 30656 | Snake:3  | Acquired 703 gold pieces
 31294 | Snake:4  | Entered Level 4 of the Snake Pit
 31361 | Snake:4  | Reached skill level 16 in Axes
 31823 | Snake:4  | Identified the +1 barding of the Barnacle {rC- Will- Regen+
                  | Stlth+} (Okawaru gifted it to you on level 4 of the Snake
                  | Pit)
 31823 | Snake:4  | Received a gift from Okawaru
 32048 | Arena    | Entered the Arena
 32619 | Snake:4  | Reached XP level 17. HP: 146/159 MP: 25/25
 32653 | Snake:4  | Reached skill level 10 in Shields
 32939 | Snake:4  | Received a gift from Okawaru
 33555 | Snake:4  | Got a serpentine rune of Zot
 34225 | D:14     | Found a gate to the Vaults.
 34442 | D:14     | Received a gift from Okawaru
 34642 | D:14     | Found a bloodstained altar of Trog.
 34743 | D:13     | Killed Azrael
 34953 | D:15     | Entered Level 15 of the Dungeon
 35212 | Arena    | Entered the Arena
 35330 | D:15     | Received a gift from Okawaru
 35391 | D:15     | Found a staircase to the Depths.
 35532 | D:15     | Identified the +1 spear "Archiesiq" {venom, *Slow Dex+10
                  | Stlth-}
 36399 | Shoals:1 | Entered Level 1 of the Shoals
 36716 | Shoals:1 | Identified the +0 pair of gloves "Ahuhur" {rC- Str+8}
 36804 | Shoals:1 | Reached skill level 17 in Axes
 36985 | Shoals:2 | Found Tisaagun's Antique Armour Emporium.
 38144 | Shoals:2 | Found Cufoesomaz's Magic Scroll Boutique.
 38152 | Shoals:2 | Bought a scroll of teleportation for 60 gold pieces
 38158 | Shoals:2 | Found Dareoqi's Assorted Antiques.
 38709 | Shoals:2 | You are sucked into a shaft and drop 1 floor!
 38998 | Shoals:2 | Identified the +5 scale mail of Quantum Leap {rF+} (Okawaru
                  | gifted it to you on level 2 of the Shoals)
 38998 | Shoals:2 | Received a gift from Okawaru
 39499 | Shoals:3 | Noticed a kraken
 39573 | Shoals:3 | Killed a kraken
 40148 | Shoals:4 | Entered Level 4 of the Shoals
 40454 | Shoals:4 | Noticed a kraken
 40619 | Shoals:4 | Reached XP level 18. HP: 170/170 MP: 26/26
 41744 | Vaults:1 | Entered Level 1 of the Vaults
 41801 | Vaults:1 | Found Asifav's Distillery.
 41811 | Vaults:1 | Bought a potion of heal wounds for 65 gold pieces
 41811 | Vaults:1 | Bought a potion of heal wounds for 65 gold pieces
 41811 | Vaults:1 | Bought a potion of might for 52 gold pieces
 42028 | Arena    | Entered the Arena
 42361 | Vaults:1 | Identified the -1 pair of gloves "Seyzy" {rN+ MP+9 Int+3}
 42361 | Vaults:1 | Noticed Nikola
 42412 | D:14     | Killed Nikola
 42534 | Vaults:1 | Received a gift from Okawaru
 42924 | Vaults:1 | Noticed a lich
 42924 | Vaults:1 | Noticed a lich
 42946 | Vaults:1 | Killed a lich
 42948 | Vaults:1 | Reached skill level 18 in Axes
 42949 | Vaults:1 | Killed a lich
 43099 | Vaults:1 | Noticed a Hell Sentinel
 43802 | Vaults:2 | Found Veodenie's Magic Scroll Emporium.
 43808 | Vaults:2 | Bought a scroll of teleportation for 57 gold pieces
 43856 | Vaults:2 | You fall into a shaft and drop 1 floor!
 44355 | Vaults:2 | Received a gift from Okawaru
 44649 | Vaults:2 | Reached XP level 19. HP: 165/179 MP: 28/28
 44888 | Vaults:2 | Reached skill level 15 in Fighting
 45074 | Vaults:2 | Received a gift from Okawaru
 45147 | Vaults:2 | Identified the +10 broad axe of Honour {holy, rElec Str+3}
                  | (Okawaru gifted it to you on level 2 of the Vaults)
 45147 | Vaults:2 | Received a gift from Okawaru
 45881 | Vaults:3 | Found Wohofokk's Jewellery Shop.
 46276 | Vaults:3 | Received a gift from Okawaru
 46757 | Vaults:3 | Found a staircase to the Crypt.
 46878 | Vaults:3 | Identified the +6 morningstar "Etzacogh" {spect, rF++ rC+
                  | Will+ SInv}
 46965 | Vaults:3 | Noticed an ancient lich
 46976 | Vaults:3 | Killed an ancient lich
 47410 | Vaults:4 | Identified the +0 barding of Bedevilment {Contam Regen+
                  | Str+7 Dex+2} (Okawaru gifted it to you on level 4 of the
                  | Vaults)
 47410 | Vaults:4 | Received a gift from Okawaru
 47604 | Vaults:4 | Reached XP level 20. HP: 159/194 MP: 22/29
 48148 | Vaults:4 | Found Epruqay's Weapon Emporium.
 48322 | Vaults:4 | Noticed a golden dragon
 48334 | Vaults:4 | Killed a golden dragon
 48768 | Snake:3  | Bought a scroll of enchant armour for 142 gold pieces
 49045 | Depths:1 | Entered Level 1 of the Depths
 49283 | Depths:1 | Reached skill level 15 in Shields
 49338 | Depths:1 | Found a gateway to Hell.
 49402 | Depths:1 | Found a one-way gate to the infinite horrors of the Abyss.
 49530 | Depths:1 | Found a hazy altar of Hepliaklqana.
 49558 | Depths:1 | Received a gift from Okawaru
 49931 | Depths:1 | Received a gift from Okawaru
 50280 | Depths:1 | Identified the +3 scimitar "Leloc" {freeze, rPois rN+
                  | Dex-5} (Okawaru gifted it to you on level 1 of the Depths)
 50280 | Depths:1 | Received a gift from Okawaru
 50821 | Depths:2 | Found a one-way gate leading to the halls of Pandemonium.
 51008 | Depths:2 | You fall into a shaft and drop 1 floor!
 51154 | Depths:2 | Found a one-way gateway to a ziggurat.
 51816 | Depths:3 | Reached XP level 21. HP: 192/208 MP: 30/30
 51863 | Depths:3 | Received a gift from Okawaru
 52226 | Depths:3 | Noticed Parghit
 52323 | Depths:2 | Killed Parghit
 52523 | Depths:3 | Noticed Margery
 52535 | Depths:3 | Identified the +10 glaive "Wohes" {antimagic, rElec rPois
                  | rCorr Stlth-}
 52543 | Depths:3 | Killed Margery
 53526 | Depths:3 | Found Zustraozi's Firing Range.
 53815 | Depths:4 | Entered Level 4 of the Depths
 53954 | Depths:4 | Identified the +7 broad axe of Pragmatism {freeze, rElec
                  | rPois Int-5} (Okawaru gifted it to you on level 4 of the
                  | Depths)
 53954 | Depths:4 | Received a gift from Okawaru
 54642 | Depths:4 | Noticed a caustic shrike
 54644 | Depths:4 | Noticed a caustic shrike
 54647 | Depths:4 | Noticed a caustic shrike
 54656 | Depths:4 | Killed a caustic shrike
 54660 | Depths:4 | Killed a caustic shrike
 54661 | Depths:4 | Killed a caustic shrike
 54747 | Depths:4 | Got Kikubaaqudgha's Grimoire of Abominable Rituals
 54785 | Depths:4 | Found Ecuarea's Magic Scroll Shoppe.
 54942 | Depths:4 | Found a corrupted altar of Lugonu.
 55052 | Depths:3 | Identified the +0 barding "Seybim" {rPois rF+ Str-2}
                  | (Okawaru gifted it to you on level 3 of the Depths)
 55052 | Depths:3 | Received a gift from Okawaru
 55491 | Depths:4 | Found a gate to the Realm of Zot.
 56228 | Elf:1    | Entered Level 1 of the Elven Halls
 56245 | Elf:1    | Found a radiant altar of Vehumet.
 56324 | Elf:1    | Reached XP level 22. HP: 223/223 MP: 31/31
 56407 | Elf:1    | Noticed Frances
 56420 | Elf:1    | Killed Frances
 56556 | Elf:1    | Noticed Jorgrun
 56566 | Elf:1    | Killed Jorgrun
 57117 | Elf:1    | Found a runed translucent gate.
 57117 | Elf:1    | Found a runed translucent gate.
 57117 | Elf:1    | Found a runed translucent gate.
 57117 | Elf:1    | Found a runed translucent gate.
 57117 | Elf:1    | Found a runed translucent gate.
 57119 | Elf:1    | Found a runed translucent gate.
 57384 | Elf:2    | Received a gift from Okawaru
 57463 | Elf:2    | Found a crumbling gateway.
 57498 | Elf:2    | Acquired a manual of Dodging
 57507 | Desolati | Entered the Desolation of Salt
 57876 | Desolati | Identified the +11 halberd "Killer Bee's Peril" {freeze,
                  | Dex+2}
 57953 | Desolati | Identified the staff of conjuration "Qeclig" {Str+5}
 57955 | Desolati | Got Nionuf's Omnibus of Changing Terra Firma
 58455 | Desolati | Identified the ring "Icwase" {Ice SInv}
 58704 | Desolati | Identified the +11 scimitar of Rokkiump {vamp, +Blink rElec
                  | Dex+2}
 58707 | Desolati | Identified the ring of Yroshaich {rPois rF++ Str-2 Int+6
                  | Dex+2}
 58719 | Desolati | Identified the +7 long sword "Yjo Oheh" {venom, Str+3}
 58753 | Desolati | Identified the ring "Reoje" {Will+ EV+5 Dex+6}
 59177 | Elf:2    | Found a runed translucent gate.
 59178 | Elf:2    | Found a runed translucent gate.
 59178 | Elf:2    | Found a runed translucent gate.
 59459 | Elf:2    | Identified the +6 executioner's axe "Yteedecs" {freeze,
                  | Int+3} (Okawaru gifted it to you on level 2 of the Elven
                  | Halls)
 59459 | Elf:2    | Received a gift from Okawaru
 59467 | Elf:2    | Reached skill level 19 in Axes
 59491 | Elf:2    | Reached skill level 5 in Dodging
 59712 | Elf:3    | Entered Level 3 of the Elven Halls
 59728 | Elf:3    | Found Jorroph's CLEARANCE SALE!.
 59734 | Elf:3    | Bought a potion of resistance for 50 gold pieces
 60064 | Elf:3    | Reached XP level 23. HP: 232/232 MP: 32/32
 60850 | Elf:3    | Identified the +4 mace of the Stork {elec, rPois rF+ MP-9
                  | Str+6}
 61035 | Elf:3    | Gained mutation: You occasionally lose the ability to drink
                  | potions when taking damage. [a cacodemon]
 61200 | Elf:3    | Identified the +7 battleaxe of the Hurting Gods {protect,
                  | rF+ Int+8}
 61223 | Elf:3    | Got the Folio of Coarse Inhalation
 61225 | Elf:3    | Got the Volume of Clouds
 61343 | Elf:3    | Got Muxoewer's Everyday Incantation
 61691 | Orc:2    | Bought a potion of mutation for 144 gold pieces
 61691 | Orc:2    | Bought 2 potions of might for 144 gold pieces
 61872 | D:13     | Bought a potion of mutation for 120 gold pieces
 62125 | Snake:3  | Bought a potion of mutation for 96 gold pieces
 62301 | Lair:1   | Lost mutation: You occasionally lose the ability to drink
                  | potions when taking damage. [potion of mutation]
 62301 | Lair:1   | Gained mutation: Your muscles are strong. (Str +4, Int/Dex
                  | -1) [potion of mutation]
 62301 | Lair:1   | Gained mutation: Your body sometimes deteriorates upon
                  | taking damage. [potion of mutation]
 62301 | Lair:1   | Gained mutation: You have hidden genetic potential. [potion
                  | of mutation]
 62301 | Lair:1   | Gained mutation: You expend magic power (3 MP) to
                  | strengthen your wands. [potion of mutation]
 62301 | Lair:1   | Gained mutation: You have a pair of small horns on your
                  | head. [potion of mutation]
 62302 | Lair:1   | Lost mutation: You expend magic power (3 MP) to strengthen
                  | your wands. [potion of mutation]
 62302 | Lair:1   | Lost mutation: You have a pair of small horns on your head.
                  | [potion of mutation]
 62302 | Lair:1   | Lost mutation: Your muscles are strong. (Str +4, Int/Dex
                  | -1) [potion of mutation]
 62302 | Lair:1   | Lost mutation: You have hidden genetic potential. [potion
                  | of mutation]
 62302 | Lair:1   | Lost mutation: Your body sometimes deteriorates upon taking
                  | damage. [potion of mutation]
 62302 | Lair:1   | Gained mutation: You are partially covered in iridescent
                  | scales. (AC +2) [potion of mutation]
 62302 | Lair:1   | Gained mutation: You are frail. (-10% HP) [potion of
                  | mutation]
 62302 | Lair:1   | Gained mutation: You have supernaturally acute eyesight.
                  | (SInv) [potion of mutation]
 62303 | Lair:1   | Lost mutation: You are frail. (-10% HP) [potion of
                  | mutation]
 62303 | Lair:1   | Lost mutation: You have supernaturally acute eyesight.
                  | (SInv) [potion of mutation]
 62303 | Lair:1   | Lost mutation: You are partially covered in iridescent
                  | scales. (AC +2) [potion of mutation]
 62303 | Lair:1   | Gained mutation: You occasionally lose the ability to read
                  | scrolls when taking damage. [potion of mutation]
 62303 | Lair:1   | Gained mutation: You have an increased reservoir of magic.
                  | (+10% MP) [potion of mutation]
 62303 | Lair:1   | Gained mutation: You are strong-willed. (Will+) [potion of
                  | mutation]
 62303 | Lair:1   | Gained mutation: You are somewhat resistant to further
                  | mutation. [potion of mutation]
 62304 | Lair:1   | Lost mutation: You are strong-willed. (Will+) [potion of
                  | mutation]
 62304 | Lair:1   | Lost mutation: You are somewhat resistant to further
                  | mutation. [potion of mutation]
 62304 | Lair:1   | Lost mutation: You occasionally lose the ability to read
                  | scrolls when taking damage. [potion of mutation]
 62304 | Lair:1   | Lost mutation: You have an increased reservoir of magic.
                  | (+10% MP) [potion of mutation]
 62304 | Lair:1   | Gained mutation: You are weak. (Str -2) [potion of
                  | mutation]
 62304 | Lair:1   | Gained mutation: You are partially covered in iridescent
                  | scales. (AC +2) [potion of mutation]
 62304 | Lair:1   | Gained mutation: You have hidden genetic potential. [potion
                  | of mutation]
 62304 | Lair:1   | Gained mutation: You passively dampen the noise of your
                  | surroundings. [potion of mutation]
 62304 | Lair:1   | Gained mutation: You expend magic power (3 MP) to
                  | strengthen your wands. [potion of mutation]
 62304 | Lair:1   | Gained mutation: You are robust. (+10% HP) [potion of
                  | mutation]
 62304 | Lair:1   | Gained mutation: Your system is resistant to poisons.
                  | (rPois) [potion of mutation]
 62475 | Shoals:4 | Received a gift from Okawaru
 62630 | Shoals:4 | Received a gift from Okawaru
 63010 | Shoals:4 | Got a barnacled rune of Zot
 63037 | Shoals:4 | Identified the +0 robe "Bopiedd" {rCorr Int+2}
 63528 | Depths:1 | Voluntarily entered the Abyss.
 63528 | Abyss:1  | Found a corrupted altar of Lugonu.
 63637 | Abyss:3  | Reached skill level 20 in Axes
 63655 | Abyss:3  | Found a corrupted altar of Lugonu.
 63925 | Abyss:3  | Received a gift from Okawaru
 64017 | Depths:1 | Escaped the Abyss
 64146 | Depths:1 | Voluntarily entered the Abyss.
 64422 | Abyss:3  | Gained mutation: You occasionally lose the ability to read
                  | scrolls when taking damage. [a neqoxec]
 64423 | Abyss:3  | Gained mutation: You are very clumsy. (Dex -4) [a neqoxec]
 64430 | Abyss:3  | Paralysed by accursed screaming for 1 turns
 64480 | Abyss:3  | Paralysed by accursed screaming for 1 turns
 64489 | Abyss:3  | Paralysed by accursed screaming for 2 turns
 64496 | Abyss:3  | Paralysed by accursed screaming for 2 turns
 64514 | Abyss:3  | Got an abyssal rune of Zot
 64742 | Depths:1 | Escaped the Abyss
 64787 | Depths:1 | Lost mutation: You occasionally lose the ability to read
                  | scrolls when taking damage. [potion of mutation]
 64787 | Depths:1 | Lost mutation: You are robust. (+10% HP) [potion of
                  | mutation]
 64787 | Depths:1 | Lost mutation: You have hidden genetic potential. [potion
                  | of mutation]
 64787 | Depths:1 | Lost mutation: You are partially covered in iridescent
                  | scales. (AC +2) [potion of mutation]
 64787 | Depths:1 | Gained mutation: You are strong-willed. (Will+) [potion of
                  | mutation]
 64787 | Depths:1 | Gained mutation: Your body often deteriorates upon taking
                  | damage. [potion of mutation]
 64787 | Depths:1 | Lost mutation: You are very weak. (Str -4) [potion of
                  | mutation]
 64787 | Depths:1 | Gained mutation: Your tail ends in a venomous barb. [potion
                  | of mutation]
 64856 | Zot:1    | Entered Level 1 of the Realm of Zot
 64860 | Zot:1    | Reached skill level 21 in Axes
 64903 | Zot:1    | Reached XP level 24. HP: 241/241 MP: 29/32
 64988 | Zot:1    | Identified the +1 barding of Inviolability {Will+ Regen+
                  | Dex+6} (Okawaru gifted it to you on level 1 of the Realm of
                  | Zot)
 64988 | Zot:1    | Received a gift from Okawaru
 65709 | Zot:1    | Acquired the +0 pair of fencer's gloves {Riposte Dex+3}
 65709 | Zot:1    | Found the +0 pair of fencer's gloves {Riposte Dex+3}
 65735 | Zot:2    | Noticed a Killer Klown
 65751 | Zot:1    | Killed a Killer Klown
 66063 | Zot:2    | Reached skill level 22 in Axes
 67696 | Zot:3    | Found a runed translucent door.
 67697 | Zot:3    | Found a shimmering altar of Xom.
 67697 | Zot:3    | Noticed Uneer's ghost (legendary GnFE)
 67843 | Zot:3    | Received a gift from Okawaru
 68168 | Zot:3    | Identified the +5 scale mail of the Mind {Str+2} (Okawaru
                  | gifted it to you on level 3 of the Realm of Zot)
 68168 | Zot:3    | Received a gift from Okawaru
 68568 | Zot:4    | Noticed a Killer Klown
 68568 | Zot:4    | Noticed a dread lich
 68571 | Zot:4    | Noticed a Killer Klown
 68572 | Arena    | Entered the Arena
 68574 | Arena    | Killed a dread lich
 68575 | Arena    | Reached skill level 23 in Axes
 68647 | Zot:4    | Noticed a Killer Klown
 68647 | Zot:4    | Noticed a Killer Klown
 68657 | Zot:3    | Killed a Killer Klown
 68717 | Zot:4    | Noticed a Killer Klown
 68736 | Zot:3    | Killed a Killer Klown
 68763 | Zot:3    | Killed a Killer Klown
 68783 | Zot:4    | Killed a Killer Klown
 68788 | Zot:4    | Killed a Killer Klown
 69001 | Zot:4    | Identified the ring "Dowk" {Ice +Blink rElec Dex+2}
 69001 | Zot:4    | Noticed Josephina
 69411 | Zot:4    | Reached XP level 25. HP: 233/234 MP: 32/32
 69498 | Zot:4    | Noticed an orb of fire
 69521 | Zot:4    | Gained mutation: You are occasionally teleported next to
                  | monsters. [an orb of fire]
 69532 | Zot:4    | Gained mutation: Your magical capacity is low. (-10% MP)
                  | [an orb of fire]
 69533 | Zot:4    | Killed an orb of fire
 69534 | Zot:4    | Lost mutation: You are strong-willed. (Will+) [potion of
                  | mutation]
 69534 | Zot:4    | Lost mutation: Your system is resistant to poisons. (rPois)
                  | [potion of mutation]
 69534 | Zot:4    | Lost mutation: You are occasionally teleported next to
                  | monsters. [potion of mutation]
 69534 | Zot:4    | Lost mutation: Your tail ends in a venomous barb. [potion
                  | of mutation]
 69534 | Zot:4    | Lost mutation: You expend magic power (3 MP) to strengthen
                  | your wands. [potion of mutation]
 69534 | Zot:4    | Lost mutation: Your magical capacity is low. (-10% MP)
                  | [potion of mutation]
 69534 | Zot:4    | Gained mutation: You have a somewhat thin skeletal
                  | structure. (Dex +2, Stealth+) [potion of mutation]
 69534 | Zot:4    | Gained mutation: You are robust. (+10% HP) [potion of
                  | mutation]
 69534 | Zot:4    | Gained mutation: You occasionally shout uncontrollably at
                  | your foes. [potion of mutation]
 69534 | Zot:4    | Gained mutation: Your tail ends in a venomous barb. [potion
                  | of mutation]
 70318 | Zot:4    | Received a gift from Okawaru
 70414 | Zot:3    | Killed Josephina
 70743 | Zot:4    | Identified the ring of Contention {rF+ rN+ MP+9}
 70781 | Zot:4    | Identified the +4 scale mail of the Bulwark {rPois Str+4}
 70966 | Zot:5    | Entered Level 5 of the Realm of Zot
 70972 | Zot:5    | Found a transporter.
 71018 | Zot:5    | Found a transporter.
 71064 | Zot:5    | Reached skill level 24 in Axes
 71403 | Zot:5    | Found a transporter.
 71490 | Zot:5    | Found a transporter.
 71741 | Zot:5    | Received a gift from Okawaru
 71832 | Zot:5    | Noticed an orb of fire
 71836 | Zot:5    | Gained mutation: Your body often deteriorates upon taking
                  | damage. [an orb of fire]
 71838 | Zot:5    | Gained mutation: Your magical capacity is low. (-10% MP)
                  | [an orb of fire]
 71850 | Zot:5    | Gained mutation: Your magical capacity is very low. (-20%
                  | MP) [an orb of fire]
 71853 | Zot:5    | Killed an orb of fire
 71853 | Zot:5    | Received a gift from Okawaru
 72174 | Zot:5    | Noticed an orb of fire
 72174 | Zot:5    | Gained mutation: Your magical capacity is extremely low.
                  | (-30% MP) [an orb of fire]
 72174 | Zot:5    | Gained mutation: You frequently scream uncontrollably at
                  | your foes. [an orb of fire]
 72183 | Zot:5    | Gained mutation: You are weak. (Str -2) [an orb of fire]
 72200 | Zot:5    | Killed an orb of fire
 72200 | Zot:5    | Identified the +1 spear of Starshine {freeze, rC++ Stlth+}
                  | (Okawaru gifted it to you on level 5 of the Realm of Zot)
 72200 | Zot:5    | Received a gift from Okawaru
 72287 | Zot:5    | Noticed an orb of fire
 72308 | Zot:5    | Killed an orb of fire
 72313 | Zot:5    | Noticed an orb of fire
 72313 | Zot:5    | Noticed a Killer Klown
 72360 | Zot:5    | Killed a Killer Klown
 72526 | Zot:5    | Gained mutation: You occasionally lose the ability to read
                  | scrolls when taking damage. [an orb of fire]
 72527 | Zot:5    | Gained mutation: Your spells are a little easier to cast,
                  | but a little less powerful. [an orb of fire]
 72540 | Zot:5    | Killed an orb of fire
 72559 | Zot:5    | Lost mutation: Your tail ends in a venomous barb. [potion
                  | of mutation]
 72559 | Zot:5    | Lost mutation: You occasionally lose the ability to read
                  | scrolls when taking damage. [potion of mutation]
 72559 | Zot:5    | Lost mutation: Your body often deteriorates upon taking
                  | damage. [potion of mutation]
 72559 | Zot:5    | Lost mutation: You are clumsy. (Dex -2) [potion of
                  | mutation]
 72559 | Zot:5    | Lost mutation: You frequently scream uncontrollably at your
                  | foes. [potion of mutation]
 72559 | Zot:5    | Lost mutation: Your magical capacity is extremely low.
                  | (-30% MP) [potion of mutation]
 72559 | Zot:5    | Gained mutation: You are vulnerable to heat. (rF-) [potion
                  | of mutation]
 72559 | Zot:5    | Gained mutation: You are partially covered in iridescent
                  | scales. (AC +2) [potion of mutation]
 72559 | Zot:5    | Gained mutation: A frigid envelope surrounds you and
                  | freezes all who hurt you. [potion of mutation]
 72698 | Zot:5    | Noticed an orb of fire
 72720 | Zot:5    | Killed an orb of fire
 72732 | Zot:5    | Noticed an orb of fire
 72732 | Zot:5    | Gained mutation: Your body often deteriorates upon taking
                  | damage. [an orb of fire]
 72742 | Zot:5    | Noticed an ancient lich
 72759 | Zot:5    | Killed an orb of fire
 72759 | Zot:5    | Received a gift from Okawaru
 72764 | Zot:5    | Killed an ancient lich
 72770 | Zot:5    | Noticed an ancient lich
 72782 | Zot:5    | Noticed a Killer Klown
 72786 | Zot:5    | Reached skill level 10 in Dodging
 72794 | Zot:5    | Killed an ancient lich
 72795 | Zot:5    | Reached XP level 26. HP: 285/285 MP: 6/26
 72931 | Zot:5    | Received a gift from Okawaru
 72967 | Zot:5    | Noticed a dread lich
 72982 | Zot:5    | Killed a dread lich
 73469 | Zot:5    | Found a transporter.
 73475 | Zot:5    | Found a transporter.
 73498 | Zot:5    | Found a transporter.
 73507 | Zot:5    | Found a transporter.
 74571 | Slime:1  | Entered Level 1 of the Pits of Slime
 74617 | Slime:1  | Gained mutation: You are very weak. (Str -4) [a shining
                  | eye]
 74624 | Slime:1  | Gained mutation: You are dopey. (Int -2) [a shining eye]
 75123 | Slime:5  | Entered Level 5 of the Pits of Slime
 75430 | Slime:5  | Noticed the Royal Jelly
 75928 | Slime:5  | Identified the +6 barding of Conscience {-Tele rF+ rCorr}
                  | (Okawaru gifted it to you on level 5 of the Pits of Slime)
 75928 | Slime:5  | Received a gift from Okawaru
 76118 | Slime:5  | Lost mutation: You are robust. (+10% HP) [a shining eye]
 76119 | Slime:5  | Gained mutation: You frequently scream uncontrollably at
                  | your foes. [a shining eye]
 76518 | Slime:2  | Reached skill level 25 in Axes
 76925 | Slime:1  | Lost mutation: Your body often deteriorates upon taking
                  | damage. [potion of mutation]
 76925 | Slime:1  | Lost mutation: Your spells are a little easier to cast, but
                  | a little less powerful. [potion of mutation]
 76925 | Slime:1  | Lost mutation: Your body sometimes deteriorates upon taking
                  | damage. [potion of mutation]
 76925 | Slime:1  | Lost mutation: You are vulnerable to heat. (rF-) [potion of
                  | mutation]
 76925 | Slime:1  | Lost mutation: You are dopey. (Int -2) [potion of mutation]
 76925 | Slime:1  | Lost mutation: You are very weak. (Str -4) [potion of
                  | mutation]
 76926 | Slime:1  | Lost mutation: You are weak. (Str -2) [potion of mutation]
 76926 | Slime:1  | Lost mutation: You have a somewhat thin skeletal structure.
                  | (Dex +2, Stealth+) [potion of mutation]
 76926 | Slime:1  | Lost mutation: Your magical capacity is very low. (-20% MP)
                  | [potion of mutation]
 76926 | Slime:1  | Lost mutation: You frequently scream uncontrollably at your
                  | foes. [potion of mutation]
 76926 | Slime:1  | Lost mutation: A frigid envelope surrounds you and freezes
                  | all who hurt you. [potion of mutation]
 76926 | Slime:1  | Lost mutation: You passively dampen the noise of your
                  | surroundings. [potion of mutation]
 76926 | Slime:1  | Gained mutation: You are agile. (Dex +4, Str/Int -1)
                  | [potion of mutation]
 76926 | Slime:1  | Gained mutation: You are robust. (+10% HP) [potion of
                  | mutation]
 76926 | Slime:1  | Gained mutation: You are very robust. (+20% HP) [potion of
                  | mutation]
 76927 | Slime:1  | Lost mutation: You are very robust. (+20% HP) [potion of
                  | mutation]
 76927 | Slime:1  | Lost mutation: You are agile. (Dex +4, Str/Int -1) [potion
                  | of mutation]
 76927 | Slime:1  | Lost mutation: Your magical capacity is low. (-10% MP)
                  | [potion of mutation]
 76927 | Slime:1  | Lost mutation: You are robust. (+10% HP) [potion of
                  | mutation]
 76927 | Slime:1  | Gained mutation: Your spells are a little harder to cast,
                  | but a little more powerful. [potion of mutation]
 76927 | Slime:1  | Gained mutation: Your skin changes colour to match your
                  | surroundings (Stealth+). [potion of mutation]
 76927 | Slime:1  | Gained mutation: You are frail. (-10% HP) [potion of
                  | mutation]
 76927 | Slime:1  | Gained mutation: You have a beak for a mouth. [potion of
                  | mutation]
 76927 | Slime:1  | Lost mutation: You are frail. (-10% HP) [potion of
                  | mutation]
 76927 | Slime:1  | Lost mutation: Your spells are a little harder to cast, but
                  | a little more powerful. [potion of mutation]
 76927 | Slime:1  | Gained mutation: You have sharp fingernails. [potion of
                  | mutation]
 76928 | Slime:1  | Lost mutation: Your skin changes colour to match your
                  | surroundings (Stealth+). [potion of mutation]
 76928 | Slime:1  | Lost mutation: You have sharp fingernails. [potion of
                  | mutation]
 76928 | Slime:1  | Lost mutation: You occasionally shout uncontrollably at
                  | your foes. [potion of mutation]
 76928 | Slime:1  | Lost mutation: You have a beak for a mouth. [potion of
                  | mutation]
 76928 | Slime:1  | Lost mutation: You are partially covered in iridescent
                  | scales. (AC +2) [potion of mutation]
 76928 | Slime:1  | Gained mutation: Your spells are a little harder to cast,
                  | but a little more powerful. [potion of mutation]
 76928 | Slime:1  | Gained mutation: You are frail. (-10% HP) [potion of
                  | mutation]
 76928 | Slime:1  | Gained mutation: You expend magic power (3 MP) to
                  | strengthen your wands. [potion of mutation]
 77282 | Vaults:5 | Entered Level 5 of the Vaults
 77282 | Vaults:5 | Noticed an ancient lich
 77289 | Vaults:5 | Killed an ancient lich
 77757 | Vaults:5 | Received a gift from Okawaru
 78014 | Vaults:5 | Reached XP level 27. HP: 246/246 MP: 32/32
 78028 | Vaults:5 | Got a silver rune of Zot
 78497 | Vaults:5 | Received a gift from Okawaru
 78935 | Vaults:5 | Acquired the ring "Muwip" {rF+ rN+ MP+9 Int+4 SInv}
 79584 | Depths:3 | Identified the +10 whip "Woehat" {spect, +Blink}
 80029 | Depths:2 | Noticed Mennas
 80030 | Depths:2 | Found a glowing silver altar of Zin.
 80210 | Depths:2 | Killed Mennas
 80222 | Depths:2 | Noticed Sojobo
 80231 | Depths:2 | Killed Sojobo
 80264 | Depths:2 | Identified the staff of conjuration "Daclex" {Fly Int+2}
 80589 | Vaults:3 | Bought the ring "Gofeli" {rN+ Str+6 SInv} for 737 gold
                  | pieces
 81536 | Slime:3  | Gained mutation: Your magical capacity is low. (-10% MP) [a
                  | shining eye]
 81570 | Slime:5  | Found a viscous altar of Jiyva.
 81573 | Slime:5  | Found the amulet of Vitality {RegenMP++ Regen++}
 82273 | D:13     | Bought a scroll of vulnerability for 60 gold pieces
 82617 | Slime:5  | Killed the Royal Jelly
 82661 | Slime:5  | Identified the +4 flail "Domnescho" {venom, Will+ Dex+3}
 82674 | Slime:5  | Identified the +0 buckler "Pouclagi" {Str-5 Slay+3 SInv}
 82686 | Slime:5  | Got a slimy rune of Zot
 82687 | Slime:5  | Identified the ring "Ilen" {rPois Int+2}
 82698 | Slime:5  | Identified the staff of air "Doasmeej" {rElec rF+ rCorr
                  | Stlth-}
 83485 | Zot:5    | Got the Orb of Zot
 83628 | Depths:4 | Noticed Tabrimot the pandemonium lord
 83687 | Depths:3 | Noticed Cafri the pandemonium lord
 83784 | D:15     | Noticed Radgh the pandemonium lord
 83843 | D:13     | Received a gift from Okawaru
 84021 | D:3      | Noticed Paeheshi the pandemonium lord
 84174 | D:$      | Escaped with the Orb!

Illustrated notes

Levels and vault maps discovered:
D:1:      scummos_arrival_gate, layout_basic, hellmonk_ecumenical_altar_lost_god
D:2:      minmay_chambers_of_ones, layout_rooms, serial_shops, shop,
          uniq_terence
D:3:      layout_basic, lemuel_tele_altar, fedhas_altar_fruit_tree,
          minmay_pentomino_pile, uniq_crazy_yiuf_cottage
D:4:      layout_basic, hellmonk_ghost_happy_afterlife, nicolae_take_the_stairs,
          nicolae_stop_n_shop_2, small_statue_intersection
D:5:      layout_layer_cave, lemuel_mausoleum_altar_yredelemnul
D:6:      layout_basic
D:7:      layout_loops_cross, zin_angel, grunt_dithmenos_smoke_and_mirrors,
          nicolae_overflow_hidden_temple, slow_altar_1, temple_statues,
          uniq_prince_ribbit1
D:8:      layout_basic, elyvilon_altar_1, bloody_makhleb,
          nicolae_kikubaaqudgha_miasma_corner, gammafunk_temple_overflow_arena
D:9:      layout_basic, enter_bailey_6
D:10:     layout_basic, mainiacjoe_overflow_catwalk, orc_0_dummy, uniq_snorg
D:11:     layout_basic, dpeg_oklobed_lair, portal_ice_cave_rime
D:12:     layout_loops_ring, gammafunk_ghost_necromancy
D:13:     layout_stronghold, nicolae_specific_store, corexii_checkpoint_b,
          minmay_misc_feat_enclosed
D:14:     layout_rooms, david_vaults_4, solitary_fountain, abandoned_shop,
          trog_three_pillars_becter, uniq_azrael
D:15:     grunt_enter_depths_giant_problem, layout_gridville,
          hangedman_abyss_or_decor_jellyfish_corner
Temple:   jpeg_temple_alley_garden
Lair:1:   layout_cave_pods, gauntlet_entry_generic, grunt_megastairs_4
Lair:2:   layout_regular_city, elwin_shoals_entry_rooms,
          minmay_snake_entry_spellcaster, serial_bayou_shore_a,
          grunt_megastairs_1
Lair:3:   layout_regular_city, lemuel_fruit_fields
Lair:4:   layout_regular_city, slime_entry_1, grunt_megastairs_2
Lair:5:   hangedman_lair_caniforms_friends, layout_misc_corridors, wormcave,
          minmay_lindwurm_lava, serial_bayou_shore_b, uniq_kirke
Shoals:1: layout_shoals, nicolae_shoals_dead_sea_scrolls
Shoals:2: layout_shoals, serial_shops, shop, shop_fountains,
          nicolae_shop_crystal
Shoals:3: layout_shoals, nicolae_shoals_drake_roost
Shoals:4: shoals_end_hellmonk_lost_city
Snake:1:  layout_onion, serial_shops, bzr_entry_customers, uniq_aizul,
          uniq_roxanne, uniq_rupert
Snake:2:  layout_onion_interference
Snake:3:  layout_basic, grunt_ministairs_6, serial_bayou_shore_b,
          minmay_shop_star
Snake:4:  snake_pit, layout_grid_maze
Slime:1:  layout_caves
Slime:2:  layout_caves, nicolae_slime_crime_time
Slime:3:  layout_caves
Slime:4:  layout_caves
Slime:5
Orc:1:    layout_diamond_mine, kennysheep_orc_chapel
Orc:2:    st_orc_rangers, layout_diamond_mine, kennysheep_orc_sif_temple,
          uniq_urug
Elf:1:    eino_elf_arrival_altar, layout_loops_cross, orc_legates, uniq_jorgrun,
          uniq_frances
Elf:2:    nicolae_elf_blades_crystal_corner, layout_geoelf_octagon,
          portal_desolation_entry_garden, minivault_25_ag, drop_trap
Elf:3:    grunt_elf_hall_diamonds, layout_onion_city, nicolae_shop_clearance
Vaults:1: nicolae_vaults_library_corner, nicolae_vaults_network_star,
          nicolae_vaults_octothorpe, vaults_standard_mumra_enter_the_diamond,
          ontoclasm_vaults_gateway, nicolae_vaults_little_squares_4, v_misc_9,
          nicolae_vaults_storage_closets_1, nicolae_vaults_shelves_hall,
          v_misc_19, nicolae_vaults_six-pack, hangedman_vaults_capsules,
          nicolae_vaults_trapezoid_3, nicolae_vaults_theta,
          layout_vaults_omnigrid, serial_shops, shop, uniq_nikola
Vaults:2: vaults_room_corners, nicolae_vaults_shipping_containers_6,
          nicolae_vaults_offset_grid_hallway_2, grunt_vaults_swirl, v_rooms_5,
          vaults_room_fours, v_misc_5, v_misc_24, vaults_room_octagon,
          nicolae_vaults_variable_pillar_hall, v_pattern_3,
          nicolae_vaults_storage_room_water, layout_vaults_ring, serial_shops,
          shop
Vaults:3: minmay_crypt_entry_simple_sparse, nicolae_vaults_shock_wave,
          v_misc_19, v_rooms_1, v_misc_18, nicolae_vaults_two_Ls,
          nicolae_vaults_closet_pinwheel_3, nicolae_vaults_trapezoid_2,
          nicolae_vaults_hallways_thing, nicolae_vaults_storage_closets_3,
          nicolae_vaults_stepped_doors, v_pattern_5, nicolae_vaults_diamond_1,
          layout_vaults_omnicross, serial_shops, nicolae_shop_advertising_works
          [nicolae_subvault_shop_adworks]
Vaults:4: nicolae_vaults_six-pack, v_misc_31, nicolae_vaults_apartment_2,
          nicolae_vaults_taking_the_gang_shopping, hangedman_vaults_pinch,
          st_check, nicolae_vaults_trapezoid_lopsided_4, vaults_room_boxed,
          nicolae_vaults_mitosis, nicolae_vaults_double_plus_2,
          nicolae_vaults_tetromino_L_2, nicolae_vaults_prndl,
          nicolae_vaults_double_plus_2, nicolae_vaults_house_3,
          layout_vaults_omnibox
Vaults:5
Depths:1: layout_honeycomb, pf_vacation_house_of_asmodeus, abyss_entry,
          nicolae_hepliaklqana_monster_ancestors
Depths:2: evilmike_silver_temple, layout_basic, enter_ziggurat_b, pan_entry,
          hell_entry, infiniplex_staircase_spiral_double, uniq_sojobo
Depths:3: wad_statue_garden, layout_cave_shapes, abyss_entry,
          grunt_pan_entry_zigzag, lightli_too_deep, nicolae_shop_firing_range,
          uniq_margery, uniq_parghit
Depths:4: evilmike_zot_entry_argh, layout_small_grid, roderic_roman_lattice,
          serial_shops, shop, hell_entry, abyss_entry_flame_altar,
          minmay_orc_keep, serial_bayou_shore_b, serial_bayou_shore_b,
          serial_bayou_shore_b
Zot:1:    layout_misc_corridors
Zot:2:    layout_cathedral_of_symmetry
Zot:3:    layout_cathedral_of_symmetry, ebering_ghost_xom, grunt_megastairs_3
Zot:4:    ebering_klown_carousel, layout_misc_corridors,
          st_large_dragon_hoard_1, uniq_josephina
Zot:5:    layout_gridlike, nicolae_transporter_intersection

Skill      XL: |  1  2  3  4  5  6  7  8  9 10 11 12 13 14 15 16 17 18 19 20 21 22 23 24 25 26 27 |
---------------+----------------------------------------------------------------------------------+-----
Axes           | 2 3 4 5 7 8 10 11 13 14 15 16 17 18 19 21 23 24 25 | 25.8
Fighting       | 3 4 5 6 7 8 9 10 11 12 13 14 16 18 20 21 22 | 22.4
Armour         | 1 2 3 4 6 8 9 11 12 14 15 16 17 18 19 20 21 22 23 24 | 24.8
Throwing       | 4 |  4.2
Invocations    | 4 6 8 9 10 11 13 | 13.0
Shields        | 2 6 8 9 11 12 14 16 17 18 19 20 21 | 21.3
Dodging        | 5 7 10 11 12 | 12.0
Stealth        | |  5.4

Action                     |  1- 3 |  4- 6 |  7- 9 | 10-12 | 13-15 | 16-18 | 19-21 | 22-24 | 25-27 || total
---------------------------+-------+-------+-------+-------+-------+-------+-------+-------+-------++-------
  Melee: Hand axe          |    96 |   265 |   464 |    81 |       |       |       |       |       ||   906
         Tailslap          |    13 |    35 |    80 |    47 |   378 |   379 |   480 |   483 |   506 ||  2401
         Punch             |       |     4 |     8 |     4 |     6 |       |       |       |       ||    22
         War axe           |       |       |       |   203 |  1335 |       |       |       |       ||  1538
         Broad axe         |       |       |       |       |   720 |  1664 |  1807 |  1893 |  1484 ||  7568
         Scimitar          |       |       |       |       |     4 |       |       |       |       ||     4
  Throw: Dart              |       |     2 |     1 |       |     9 |    17 |       |       |       ||    29
         Stone             |       |     1 |       |       |       |       |       |       |       ||     1
         Javelin           |       |       |       |       |     1 |       |       |     2 |       ||     3
 Invoke: Heroism           |       |       |       |       |    11 |    10 |     9 |    11 |    11 ||    52
         Finesse           |       |       |       |       |     1 |     3 |     4 |     1 |     3 ||    12
         Duel              |       |       |       |       |       |     3 |       |     1 |       ||     4
  Evoke: Wand              |       |       |       |     1 |       |       |       |       |     5 ||     6
         Phial of floods   |       |       |       |       |     1 |       |       |       |       ||     1
    Use: Scroll            |       |    11 |     2 |     3 |    17 |    10 |     4 |    12 |     9 ||    68
         Potion            |       |     1 |     1 |     1 |     1 |     5 |     1 |     9 |    20 ||    39
   Stab: Sleeping          |     6 |     4 |       |       |       |       |       |       |       ||    10
         Distracted        |       |       |       |       |       |    11 |     1 |     1 |     1 ||    14
 Armour: Leather armour    |    12 |       |       |       |    12 |    11 |       |       |       ||    35
         Scale mail        |    38 |    21 |       |       |       |       |       |       |       ||    59
         Chain mail        |       |   164 |   230 |       |       |       |       |       |       ||   394
         Plate armour      |       |       |    85 |   255 |  1782 |   843 |   198 |       |    10 ||  3173
         Gold dragon scale |       |       |       |       |       |       |   654 |   802 |   396 ||  1852
  Dodge: Dodged            |    54 |    75 |    89 |    47 |   377 |   175 |   170 |   379 |   271 ||  1637
  Block: Kite shield       |       |       |       |       |   955 |   266 |       |       |       ||  1221
         Tower shield      |       |       |       |       |       |   948 |  1170 |  1519 |   990 ||  4627
         Reflection        |       |       |       |       |       |    59 |       |    65 |       ||   124
Riposte: Broad axe         |       |       |       |       |       |       |       |   109 |   363 ||   472
